 Dungeon Crawl Stone Soup version 0.31.0-12-g77e489cdc1 (webtiles) character file.

Game seed: 124570462577839923

678 Gadfly the Sneak (level 7, -4/35 HPs)
             Began as a Spriggan Enchanter on Feb 22, 2024.
             Killed from afar by a white imp (11 damage)
             ... with a puff of frost
             ... summoned by Eustachio
             ... on level 4 of the Dungeon.
             The game lasted 00:09:08 (4632 turns).

Gadfly the Sneak (Spriggan Enchanter)               Turns: 4632, Time: 00:09:09

Health: -4/35      AC:  4    Str:  4      XL:     7   Next: 34%
Magic:  1/14       EV: 19    Int: 17      God:
Gold:   244        SH:  5    Dex: 16 (17) Spells: 10/15 levels left

rFire   . . .        a - +1 dagger (freeze)
rCold   . . .        (no shield)
rNeg    . . .        f - +0 robe
rPois   .            (helmet restricted)
rElec   .            j - +1 cloak
rCorr   .            (gloves unavailable)
SInv    +            (boots unavailable)
Will    +....        g - amulet of reflection
Stlth   +++          (no ring)
HPRegen 0.25/turn    (no ring)
MPRegen 0.14/turn

%: reflection
@: lethally poisoned (-4 -> -7), very quick
A: very small, no large weapons, unfitting armour, see invisible, speed 3
a: no special abilities


You were on level 4 of the Dungeon.
You visited 1 branch of the dungeon, and saw 6 of its levels.

You collected 244 gold pieces.

Inventory:

Hand Weapons
 a - a +1 dagger of freezing (weapon)
 b - a +1 vampiric dagger
 k - a +3 dagger
Missiles
 m - 2 throwing nets
Armour
 f - a +0 robe (worn)
 j - a +1 cloak (worn)
Jewellery
 g - an amulet of reflection (around neck)
Scrolls
 e - 3 scrolls of enchant weapon
 n - a scroll of teleportation
Potions
 c - a potion of invisibility
 h - a potion of attraction {unknown}
 l - a potion of heal wounds


   Skills:
 + Level 2.3 Fighting
 + Level 3.4 Short Blades
 + Level 4.7 Dodging
 + Level 6.4 Stealth
 + Level 4.5 Spellcasting
 + Level 5.0 Hexes
 + Level 3.5 Evocations


You had 10 spell levels left.
You knew the following spells:

 Your Spells              Type           Power      Damage    Failure   Level
a - Ensorcelled Hibernat  Hex/Ice        24%        N/A       9%          2
b - Confusing Touch       Hex            20%        N/A       6%          3

Your spell library contained the following spells:

 Spells                   Type           Power      Damage    Failure   Level
 Tukima's Dance           Hex            20%        N/A       6%          3
 Dazzling Flash           Conj/Hex       24%        N/A       16%         3
 Cigotuvi's Dreadful Rot  Necr/Alch/Air  6%         N/A       22%         2
 Dispel Undead            Necr           3%         3d7       83%         4
 Martyr's Knell           Necr/Summ      3%         N/A       83%         4
 Death Channel            Necr           1%         N/A       100%        6


Dungeon Overview and Level Annotations

Branches:
Dungeon (6/15)
 Temple: D:4-7

Altars:
Zin

Shops:
D:3 =

Annotations:
D:4 Eustachio
D:6 Blork the orc


Innate Abilities, Weirdness & Mutations

You are very small and have problems with some larger weapons.
You are too small for most types of armour.
You have supernaturally acute eyesight. (SInv)
You cover ground extremely quickly. (Speed+++)


Message History

Eustachio is lightly wounded.
You block the ufetubus's attack. The ufetubus misses you.
Eustachio hits you with a +1 rapier of venom!
You are poisoned.
The white imp misses you. The ufetubus completely misses you.
The ufetubus closely misses you.
You hit Eustachio but do no damage.
Eustachio is lightly wounded.
You feel sick. The ufetubus misses you. The ufetubus completely misses you.
The white imp misses you.
You feel sick. The ufetubus hits you. The ufetubus misses you.
Unknown command.
You hit Eustachio.
Eustachio is lightly wounded.
You feel sick. You block Eustachio's attack.
Eustachio closely misses himself.
The white imp gestures at you. The puff of frost misses you.
The puff of frost hits the crimson imp!!
The crimson imp is frozen!
The crimson imp dies!
The crimson imp disappears in a puff of smoke!
The ufetubus closely misses you. The ufetubus misses you.
You barely miss Eustachio. You punch Eustachio, but do no damage.
Eustachio is lightly wounded.
You feel sick. You block the ufetubus's attack. The ufetubus hits you.
* * * LOW HITPOINT WARNING * * *
You hit Eustachio. You freeze Eustachio.
Eustachio is moderately wounded.
You feel sick. You block the ufetubus's attack.
The ufetubus closely misses you. Eustachio misses you.
The white imp grinds its teeth.
The white imp hits you but does no damage.
The ufetubus closely misses you. x2
You hit Eustachio.
Eustachio is moderately wounded.
The ufetubus barely misses you. You block the ufetubus's attack.
Eustachio completely misses you. The white imp gestures at you.
The puff of frost hits you!
You die...

##..## #..$...#
##..###. ##....##
#...# #..#......#
#...# #.........#
....##.....##...#
....##..5.###...##
#...#..... ##...#
.......... #..5##
.......... #..@5#
.......... ##@..#
###......@ #....#
#....... #....#
#.... #..... ....
### #...... ...
...### .......# .#
#...... .......#
.### ......#


You could see Eustachio (confused), a white imp (summoned) and an ufetubus
(summoned).

Vanquished Creatures
  Edmund (D:4)
  An ice beast (D:6)
  A centaur (D:6)
  A bombardier beetle (D:4)
  2 orc priests (D:3)
  Crazy Yiuf (D:2)
  2 orc wizards (D:3)
  Natasha (thrice) (D:2)
  3 adders
  4 ufetubi (D:5)
  4 dart slugs
  2 ribbon worms (D:2)
  10 orcs
  7 endoplasms
  2 giant cockroaches
  9 goblins
  8 hobgoblins
  2 jackals (D:3)
  3 quokkas
  12 ball pythons
  5 bats (D:1)
  2 frilled lizards (D:1)
  5 kobolds
  8 rats
98 creatures vanquished.

Notes
Turn   | Place    | Note
-------+----------+-------------------------------------------
     0 | D:1      | Gadfly the Spriggan Enchanter began the quest for the Orb.
     0 | D:1      | Reached XP level 1. HP: 9/9 MP: 5/5
   145 | D:1      | Reached XP level 2. HP: 2/13 MP: 6/6
   199 | D:1      | Learned a level 2 spell: Ensorcelled Hibernation
   761 | D:1      | Reached skill level 1 in Evocations
   761 | D:1      | Reached XP level 3. HP: 13/17 MP: 8/8
   881 | D:1      | Learned a level 3 spell: Confusing Touch
  1335 | D:2      | Found a faded altar of an unknown god.
  1339 | D:2      | Reached skill level 1 in Fighting
  1479 | D:2      | Noticed Natasha
  1500 | D:2      | Killed Natasha
  1501 | D:2      | Reached skill level 5 in Stealth
  1501 | D:2      | Reached XP level 4. HP: 22/22 MP: 5/10
  1990 | D:2      | Found a runed translucent door.
  1991 | D:2      | Noticed Crazy Yiuf
  2082 | D:2      | Killed Crazy Yiuf
  2364 | D:2      | Noticed Natasha
  2372 | D:2      | Killed Natasha
  2373 | D:2      | Reached XP level 5. HP: 14/25 MP: 8/11
  2487 | D:2      | Noticed Natasha
  2502 | D:2      | Killed Natasha
  2711 | D:3      | Reached XP level 6. HP: 30/30 MP: 7/12
  2788 | D:3      | Found Rualokas's Jewellery Shop.
  3343 | D:3      | Found a glowing silver altar of Zin.
  3417 | D:3      | You fall into a shaft and drop 3 floors!
  3516 | D:6      | Noticed an ice beast
  3542 | D:6      | Killed an ice beast
  3543 | D:6      | Reached skill level 6 in Stealth
  3630 | D:6      | Noticed Blork the orc
  3642 | D:5      | Entered Level 5 of the Dungeon
  3879 | D:4      | Reached XP level 7. HP: 35/35 MP: 11/14
  3956 | D:4      | Noticed Edmund
  3978 | D:4      | Killed Edmund
  3979 | D:4      | Reached skill level 5 in Hexes
  4558 | D:4      | Noticed Eustachio
  4632 | D:4      | Killed from afar by a white imp

Illustrated notes

Levels and vault maps discovered:
D:1:      scummos_arrival_simple_fountains, layout_loops_ring,
          hangedman_feature_mirror, st_stairs_13
D:2:      layout_basic, shapermc_ecumenical_altar_notcrosses,
          uniq_crazy_yiuf_cottage, uniq_natasha
D:3:      layout_basic, mainiacjoe_overflow_brackets, serial_shops,
          nicolae_shop_waterfront
D:4:      layout_layer_cave, uniq_eustachio, uniq_robin, uniq_edmund,
          uniq_duvessa
D:5:      layout_basic, mainiacjoe_overflow_tiny_flanked,
          nicolae_hepliaklqana_monster_ancestors, kennysheep_cross_bottleneck,
          minmay_joined_circles
D:6:      layout_gridville, nicolae_overflow_hidden_temple, water_maze_lemuel,
          uniq_blork_the_orc, uniq_pikel

Skill      XL: |  1  2  3  4  5  6  7 |
---------------+----------------------+-----
Spellcasting   | 3 4 |  4.5
Dodging        | 3 4 |  4.7
Evocations     | 1 2 3 |  3.5
Hexes          | 4 5 |  5.0
Fighting       | 1 2 |  2.3
Stealth        | 5 6 |  6.4
Short Blades   | 2 3 |  3.4

Action                     |  1- 3 |  4- 6 |  7- 9 || total
---------------------------+-------+-------+-------++-------
  Melee: Dagger            |   120 |    96 |    53 ||   269
         Punch             |     1 |       |     1 ||     2
   Cast: Ensorcelled Hiber |    17 |    18 |    16 ||    51
         Confusing Touch   |       |     5 |     1 ||     6
    Use: Potion            |     1 |       |     3 ||     4
         Scroll            |     5 |     1 |       ||     6
   Stab: Invisible         |     1 |       |       ||     1
         Sleeping          |    18 |    18 |     6 ||    42
         Distracted        |       |     1 |       ||     1
         Confused          |       |     4 |       ||     4
 Armour: Robe              |    39 |    35 |    23 ||    97
  Dodge: Dodged            |    73 |   136 |    67 ||   276
  Block: Other             |       |    31 |    20 ||    51
